 Dungeon Crawl Stone Soup version 0.31.0-9-g3a7656b989 (webtiles) character file.

Game seed: 14094946377166045880

372 Kass the Trooper (level 6, -1/48 HPs)
             Began as a Demonspawn Chaos Knight on Jan 30, 2024.
             Was a Plaything of Xom.
             Slain by a hellwing (11 damage)
             ... summoned by Xom
             ... on level 3 of the Dungeon.
             The game lasted 00:06:11 (3177 turns).

Kass the Trooper (Demonspawn Chaos Knight)          Turns: 3177, Time: 00:06:12

Health: -1/48      AC:  5    Str: 14    XL:     6   Next: 43%
Magic:  6/6        EV: 11    Int: 14    God:    Xom [......]
Gold:   257        SH:  5    Dex: 17    Spells: 5/5 levels left

rFire   . .          .
                       - Unarmed
rCold   . . .        m - +0 buckler
rNeg    . . .        v - +0 ring mail of Wu Jian's Supremacy {Fly rPois Int+2 Dex+4}
rPois   +            (helmet restricted)
rElec   .            (no cloak)
rCorr   .            (no gloves)
SInv    .            (no boots)
Will    .....        (no amulet)
Stlth   +            (no ring)
HPRegen 0.28/turn    (no ring)
MPRegen 0.10/turn

%: no passive effects
@: flying
A: hooves 1, horns 1, spiny 1
a: Renounce Religion


You were on level 3 of the Dungeon.
You worshipped Xom.
You were a very special plaything of Xom.
You visited 1 branch of the dungeon, and saw 3 of its levels.

You collected 257 gold pieces.

Inventory:

Hand Weapons
 i - a +1 short sword of electrocution
Missiles
 q - 3 javelins (quivered)
 r - 4 poisoned darts
 t - 6 datura-tipped darts
Armour
 a - a +2 leather armour
 m - a +0 buckler (worn)
 v - the +0 ring mail of Wu Jian's Supremacy (worn) {Fly rPois Int+2 Dex+4}
   (You found it on level 3 of the Dungeon)

   Int+2:     It affects your intelligence (+2).
   Dex+4:     It affects your dexterity (+4).
   rPois:     It protects you from poison Fly: It grants you flight.
Wands
 p - a wand of mindburst (10)
Scrolls
 b - a scroll of butterflies
 h - 3 scrolls of identify {unknown}
 j - a scroll of immolation {unknown}
 k - a scroll of fog {unknown}
 n - a scroll of noise {unknown}
 o - 2 scrolls of amnesia {unknown}
 s - a scroll of enchant armour {unknown}
Potions
 c - a potion of might {unknown}
 d - 2 potions of haste {unknown}
 e - 2 potions of degeneration {unknown}
 f - a potion of brilliance {unknown}
 g - 2 potions of mutation {unknown}
 l - 2 potions of curing {unknown}
 u - a potion of attraction {unknown}
 w - a potion of lignification {unknown}


   Skills:
 + Level 4.2 Fighting
 + Level 2.1 Short Blades
 + Level 3.2 Armour
 + Level 2.7 Dodging
 + Level 2.0 Shields
 - Level 3.0 Unarmed Combat


You had 5 spell levels left.
You didn't know any spells.
Your spell library was empty.

Dungeon Overview and Level Annotations

Branches:
Dungeon (3/15)

Altars:


Innate Abilities, Weirdness & Mutations

You have large cloven feet.
You have a pair of small horns on your head.
You are partially covered in sharp spines.


Message History

You kill the ufetubus!
The ufetubus disappears in a puff of smoke!
The hellwing swoops through the air toward you!
The hellwing hits you. x2
You barely miss the hellwing.
You kick the hellwing, but do no damage.
The ufetubus is struck by your spines.
The ufetubus hits you but does no damage. x2
You hit the ufetubus but do no damage. You kick the ufetubus.
Your headbutt misses the ufetubus.
The ufetubus is almost dead.
The ufetubus is struck by your spines.
You kill the ufetubus!
The ufetubus disappears in a puff of smoke!
The hellwing hits you! You block the hellwing's attack.
You hit the hellwing but do no damage.
You headbutt the hellwing, but do no damage.
You block the hellwing's attack. x2
You hit the iron imp but do no damage. You block the hellwing's attack.
The hellwing misses you. The iron imp closely misses you.
The hellwing hits you! The hellwing hits you.
You hit the iron imp but do no damage. You kick the iron imp.
You headbutt the iron imp, but do no damage.
The iron imp is moderately wounded.
The iron imp hits you but does no damage.
You hit the iron imp. You headbutt the iron imp.
The iron imp is heavily wounded.
The hellwing is struck by your spines. The hellwing completely misses you.
The hellwing hits you but does no damage.
The iron imp is struck by your spines. The iron imp hits you.
You hit the iron imp but do no damage. You headbutt the iron imp.
You kill the iron imp!
The iron imp disappears in a puff of smoke!
The hellwing hits you!
* * * LOW HITPOINT WARNING * * *
The hellwing hits you.
* * * LOW HITPOINT WARNING * * *
The hellwing hits you!
You die... "Huh?
Did I miss anything?"

#....[# ##.
##.###.#####.. ##..#
#.....##. #...###...#.#..
#..............
#........).....
#..#......#.##)
###########..#.....##.#..
#......4@....#.........#.
#.##########.##....##.##.
#.# #.#.........##
#.##########.#.###.....##
#..............# #)##.###
#.##########.#.###.##.###
#.# #..........#.# ####.#
####..#.####.# #....#
#..........#.#


You could see a hellwing (summoned).

Vanquished Creatures
  Sigmund (D:3)
  An orc priest (D:3)
  Jessica (D:2)
  Natasha (D:3)
  Terence (D:3)
  3 adders (D:3)
  3 dart slugs (D:2)
  A ribbon worm (D:3)
  2 orcs (D:3)
  6 ball pythons
  6 endoplasms
  3 giant cockroaches
  5 goblins
  8 hobgoblins
  2 jackals (D:3)
  5 kobolds
  4 quokkas
  5 bats
  4 frilled lizards
  6 rats
68 creatures vanquished.

Notes
Turn   | Place    | Note
-------+----------+-------------------------------------------
     0 | D:1      | Kass the Demonspawn Chaos Knight began the quest for the
                  | Orb.
     0 | D:1      | Reached XP level 1. HP: 18/18 MP: 1/1
     3 | D:1      | XOM: silly message
   107 | D:1      | XOM: smoke on damage
   121 | D:1      | Reached skill level 1 in Dodging
   231 | D:1      | Discovered your monstrous ancestry.
   231 | D:1      | Gained mutation: You have large cloven feet. [demonic
                  | ancestry]
   231 | D:1      | Reached XP level 2. HP: 23/24 MP: 2/2
   604 | D:1      | XOM: stat loss: -1 Int (11/12)
   781 | D:1      | XOM is BORED!
  1198 | D:2      | Reached XP level 3. HP: 21/29 MP: 3/3
  1514 | D:2      | XOM: silly message
  1748 | D:2      | XOM: summons 3 hostile shadow creatures
  1749 | D:2      | Noticed a scorpion
  1830 | D:2      | XOM: draining
  1921 | D:2      | Noticed Jessica
  1921 | D:2      | XOM: divination: magic mapping
  1927 | D:2      | Killed Jessica
  1928 | D:2      | Reached XP level 4. HP: 30/33 MP: 4/4
  2061 | D:3      | XOM: stealth player
  2135 | D:3      | XOM: silly message
  2263 | D:3      | Noticed Sigmund
  2265 | D:3      | Killed Sigmund
  2266 | D:3      | Reached skill level 4 in Fighting
  2266 | D:3      | Reached skill level 1 in Short Blades
  2266 | D:3      | Reached skill level 1 in Shields
  2266 | D:3      | Gained mutation: You have a pair of small horns on your
                  | head. [demonic ancestry]
  2266 | D:3      | Reached XP level 5. HP: 39/42 MP: 5/5
  2300 | D:3      | XOM: enchant monster (good)
  2349 | D:3      | Gained mutation: You are partially covered in sharp spines.
                  | [demonic ancestry]
  2349 | D:3      | Reached XP level 6. HP: 24/48 MP: 6/6
  2458 | D:3      | XOM: 1-stop teleportation journey
  2502 | D:3      | Noticed Terence
  2523 | D:3      | Killed Terence
  2585 | D:3      | XOM: 2-stop teleportation journey
  2716 | D:3      | XOM: confuse monster(s)
  2754 | D:3      | XOM: 5-stop teleportation journey
  2824 | D:3      | XOM: 4-stop teleportation journey
  2866 | D:3      | Noticed Natasha
  2872 | D:3      | Killed Natasha
  2996 | D:3      | Identified the +0 ring mail of Wu Jian's Supremacy {Fly
                  | rPois Int+2 Dex+4}
  3165 | D:3      | XOM: summons 4 hostile demons
  3166 | D:3      | Noticed a hellwing
  3177 | D:3      | Slain by a hellwing

Illustrated notes

Levels and vault maps discovered:
D:1:      orjb1_lava_funnel, layout_basic
D:2:      minmay_inner_zag, layout_basic, wad_floor_pattern_untrapped,
          chequers_serial_rivers_large_a, minmay_cupped, uniq_jessica
D:3:      layout_loops_ring, minmay_increasing_density, uniq_natasha,
          uniq_sigmund, uniq_terence

Skill      XL: |  1  2  3  4  5  6 |
---------------+-------------------+-----
Dodging        | 1 2 |  2.7
Armour         | 2 3 |  3.2
Unarmed Combat | 3 |  3.0
Fighting       | 4 |  4.2
Short Blades   | 1 2 |  2.1
Shields        | 1 2 |  2.0

Action                     |  1- 3 |  4- 6 || total
---------------------------+-------+-------++-------
  Melee: Unarmed           |   170 |    91 ||   261
         Kick              |    24 |    30 ||    54
         Punch             |     2 |       ||     2
         Headbutt          |       |    15 ||    15
  Evoke: Wand              |       |     2 ||     2
   Stab: Distracted        |     1 |       ||     1
         Sleeping          |       |     3 ||     3
 Armour: Leather armour    |    91 |    32 ||   123
         Ring mail         |       |    17 ||    17
  Dodge: Dodged            |    86 |    30 ||   116
  Block: Buckler           |     7 |    21 ||    28
